[ AOE2 MATCH · #484690284 ]
1v1 RMJapanese vs Persians
Player's team · LOSS
Rival team · WIN
[ REPLAY ANALYSIS · EXTRACTED FROM THE RECORDED GAME ]
Feudal
12:12
Castle
—
Imperial
—
| APM avg | 17.2 |
| APM peak | 34 |
| eAPM avg | 10.2 |
| Villagers / military | 36 / 2 |
Focus
⚔️ 22.8% · 🌾 77.2%
Fishing Ship ×9 · Demolition Raft ×2
Feudal
—
Castle
—
Imperial
—
| APM avg | 43.6 |
| APM peak | 89 |
| eAPM avg | 17.6 |
| Villagers / military | 34 / 12 |
Focus
⚔️ 17.7% · 🌾 82.3%
Militia ×12
Match map
Initial resources + every placement click. Lines = walls · curves = elevation contours. ◆ gold · ⬟ stone · ● berries · ✦ relic · ◌ wall gap
Your base· Open — unwalled flank
ggnowall's base· Open — unwalled flank
Smoothed initial terrain · ◌ = detected wall gap · hover for details
Inputs per minute
— ricorerolulu - - ggnowall
Build order — ricorerolulu
70 actions detected in the replay
| 0:01 | Create | Villager (Male) |
| 0:01 | Create | Villager (Male) |
| 0:02 | Create | Villager (Male) |
| 0:02 | Create | Villager (Male) |
| 0:03 | Build | House |
| 0:05 | Build | House |
| 0:40 | Build | House |
| 1:56 | Create | Villager (Male) |
| 2:37 | Create | Villager (Male) |
| 2:49 | Build | Dock |
| 3:08 | Create | Villager (Male) |
| 3:08 | Create | Villager (Male) |
| 3:29 | Create | Fishing Ship |
| 3:29 | Create | Fishing Ship |
| 4:06 | Create | Villager (Male) |
| 4:06 | Create | Villager (Male) |
| 4:31 | Create | Villager (Male) |
| 5:17 | Create | Villager (Male) |
| 5:31 | Create | Villager (Male) |
| 5:53 | Create | Fishing Ship |
| 5:53 | Create | Fishing Ship |
| 6:12 | Create | Villager (Male) |
| 6:12 | Create | Villager (Male) |
| 6:27 | Build | House |
| 6:36 | Create | Villager (Male) |
| 6:36 | Create | Villager (Male) |
| 7:22 | Create | Villager (Male) |
| 7:22 | Create | Villager (Male) |
| 7:49 | Build | Lumber Camp |
| 9:27 | Create | Fishing Ship |
| 9:37 | Create | Villager (Male) |
| 9:51 | Research | Feudal Age |
| 10:14 | Create | Fishing Ship |
| 10:17 | Build | House |
| 11:26 | Build | Mining Camp |
| 11:33 | Create | Villager (Male) |
| 11:33 | Create | Villager (Male) |
| 11:33 | Create | Villager (Male) |
| 11:55 | Create | Villager (Male) |
| 12:12 | Age | Feudal Age |
| 13:03 | Create | Villager (Male) |
| 13:03 | Create | Villager (Male) |
| 13:03 | Create | Villager (Male) |
| 13:32 | Build | Dock |
| 13:49 | Create | Demolition Raft |
| 14:08 | Build | House |
| 14:09 | Build | House |
| 14:14 | Build | Palisade Wall |
| 14:33 | Create | Fishing Ship |
| 14:38 | Research | Tech 906 |
| 15:34 | Build | Town Center |
| 16:06 | Build | Stone Wall |
| 16:51 | Create | Villager (Male) |
| 16:51 | Create | Villager (Male) |
| 16:51 | Create | Villager (Male) |
| 17:12 | Create | Fishing Ship |
| 17:22 | Build | Mining Camp |
| 18:00 | Build | Lumber Camp |
| 18:13 | Create | Villager (Male) |
| 18:13 | Create | Villager (Male) |
| 18:19 | Create | Fishing Ship |
| 18:31 | Research | Double-Bit Axe |
| 19:11 | Create | Villager (Male) |
| 19:12 | Create | Villager (Male) |
| 20:00 | Create | Villager (Male) |
| 20:01 | Create | Villager (Male) |
| 20:30 | Build | Lumber Camp |
| 20:34 | Create | Demolition Raft |
| 21:00 | Build | House |
| 21:01 | Build | House |
Build order — ggnowall
62 actions detected in the replay
| 0:01 | Create | Villager (Male) |
| 0:01 | Create | Villager (Male) |
| 0:02 | Create | Villager (Male) |
| 0:02 | Create | Villager (Male) |
| 0:02 | Create | Villager (Male) |
| 0:05 | Build | House |
| 0:07 | Build | House |
| 1:24 | Create | Villager (Male) |
| 1:25 | Create | Villager (Male) |
| 1:59 | Build | Lumber Camp |
| 2:24 | Create | Villager (Male) |
| 2:24 | Create | Villager (Male) |
| 3:06 | Create | Villager (Male) |
| 3:07 | Create | Villager (Male) |
| 3:38 | Create | Villager (Male) |
| 4:04 | Build | House |
| 4:07 | Create | Villager (Male) |
| 4:48 | Create | Villager (Male) |
| 5:37 | Create | Villager (Male) |
| 5:37 | Create | Villager (Male) |
| 5:37 | Create | Villager (Male) |
| 5:55 | Build | Mill |
| 6:32 | Create | Villager (Male) |
| 7:56 | Build | Town Center |
| 8:09 | Build | House |
| 8:31 | Build | House |
| 9:12 | Create | Villager (Male) |
| 9:12 | Create | Villager (Male) |
| 9:16 | Create | Villager (Male) |
| 9:16 | Create | Villager (Male) |
| 9:37 | Build | House |
| 10:20 | Build | Barracks |
| 10:30 | Create | Villager (Male) |
| 10:31 | Create | Villager (Male) |
| 10:55 | Build | Mining Camp |
| 11:10 | Create | Villager (Male) |
| 11:10 | Create | Villager (Male) |
| 11:25 | Research | Loom |
| 11:30 | Create | Militia |
| 11:31 | Create | Militia |
| 12:21 | Create | Villager (Male) |
| 12:21 | Create | Villager (Male) |
| 13:19 | Build | Mining Camp |
| 14:25 | Build | Mining Camp |
| 14:50 | Create | Militia |
| 14:50 | Create | Militia |
| 14:54 | Create | Villager (Male) |
| 14:54 | Create | Villager (Male) |
| 14:54 | Create | Villager (Male) |
| 14:54 | Create | Villager (Male) |
| 15:40 | Create | Militia |
| 15:40 | Create | Militia |
| 16:13 | Build | House |
| 17:25 | Build | Town Center |
| 17:55 | Create | Militia |
| 17:56 | Create | Militia |
| 17:56 | Create | Militia |
| 17:56 | Create | Militia |
| 19:18 | Create | Militia |
| 19:19 | Create | Militia |
| 20:34 | Create | Villager (Male) |
| 20:35 | Create | Villager (Male) |
Match timeline
| 2:49 | ricorerolulu · first_building Dock |
| 10:20 | ggnowall · first_building Barracks |
| 12:12 | ricorerolulu · age_up feudal |
| 14:14 | ricorerolulu · wall_segment Palisade Wall x1 |
| 16:06 | ricorerolulu · wall_segment Stone Wall x1 |
| 21:21 | ricorerolulu · resign |
[ AI ANALYSIS · 1 CREDIT ]
What really happened in this match?
Wolo.gg analyzes every decision: build order, eco, micro, common mistakes by bracket. Personalized analysis on WhatsApp or Discord in 30 seconds.
Civ guide
Japanese
Map guide
Four Lakes
Perfil
ricorerolulu